 Dungeon Crawl Stone Soup version 0.28.0-53-g5a82cb258f (webtiles) character file.

Game seed: 7301186336168917759

2370 Sin92 the Chopper (level 9, -6/69 HPs)
             Began as a Demonspawn Fighter on July 5, 2022.
             Mangled by a two-headed ogre
             ... wielding a +0 giant club
              (15 damage)
             ... on level 7 of the Dungeon.
             The game lasted 00:09:22 (6981 turns).

Sin92 the Chopper (Demonspawn Fighter)              Turns: 6981, Time: 00:09:22

Health: -6/69      AC: 14    Str: 16 (18) XL:     9   Next: 21%
Magic:  0/9        EV: 10    Int:  9 (10) God:
Gold:   331        SH:  9    Dex: 13 (15) Spells: 8/8 levels left

rFire   . . .      SeeInvis .   a - +1 war axe
rCold   . . .      Faith    .   c - +0 buckler
rNeg    . . .      Spirit   +   b - +1 scale mail
rPois   .          Reflect  .   j - +0 helmet
rElec   .          Harm     .   w - +0 cloak
rCorr   .          Rampage  .   (no gloves)
Will    .....                   (no boots)
Stlth   ..........              r - amulet of the acrobat
HPRegen 0.00/turn               (no ring)
MPRegen 0.22/turn               (no ring)

@: brilliant, inhibited regen
A: hooves 2, icemail 1, magic shield, magic regeneration, condensation shield,
sense surroundings 1, inhibited regeneration
a: no special abilities


You were on level 7 of the Dungeon.
You visited 1 branch of the dungeon, and saw 7 of its levels.
You also visited: Ossuary.

You collected 543 gold pieces.
You spent 212 gold pieces at shops.

Inventory:

Hand Weapons
 a - a +1 war axe (weapon)
 n - the +2 flail "Astres Qoxe" {vorpal, Will+ Dex-5 SInv}
   (You bought it in a shop on level 2 of the Dungeon)

   It inflicts extra damage upon your enemies.
   Dex:       It affects your dexterity (-5).
   SInv:      It lets you see invisible.
   Will:      It increases your willpower.
 t - a +0 whip of flaming
Missiles
 o - a throwing net (quivered)
Armour
 b - a +1 scale mail (worn)
 c - a +0 buckler (worn)
 j - a +0 helmet (worn)
 k - a scarf of shadows
 w - a +0 cloak (worn)
Jewellery
 i - an amulet of guardian spirit
 r - an amulet of the acrobat (around neck)
Wands
 h - a wand of flame (19)
Scrolls
 f - 2 scrolls of identify
 l - a scroll of fear
Potions
 d - 2 potions of might
 e - 2 potions of curing
 g - a potion of lignification
 p - a potion of mutation
 q - 2 potions of attraction {unknown}


   Skills:
 + Level 5.8 Fighting
 * Level 6.6(7.0) Axes
 + Level 3.2(5.3) Maces & Flails
 + Level 5.3 Armour
 + Level 3.1 Dodging
 + Level 5.3 Shields


You had 8 spell levels left.
You didn't know any spells.
Your spell library contained the following spells:

 Spells                   Type           Power      Damage    Failure   Level
 Blink                    Tloc           0%         N/A       95%         2
 Lesser Beckoning         Tloc           0%         N/A       99%         3
 Manifold Assault         Tloc           0%         N/A       100%        5


Dungeon Overview and Level Annotations

Branches:
Dungeon (7/15)            Ossuary (visited)
 Temple: D:4-7

Altars:
Gozag
Qazlal
Ru

Shops:
D:2 !((?=   D:4 *=   D:6 !

Annotations:
D:6 3 runed translucent doors, RevDB's ghost, novice DrTm


Innate Abilities, Weirdness & Mutations

You have hoof-like feet.
A meltable icy envelope protects you from harm. (AC +4)
When hurt, damage is shared between your health and your magic reserves.
You regenerate magic rapidly.
A meltable shield of frost defends you. (SH +4)
You passively map a small area around you.
You do not regenerate when monsters are visible.


Message History

There was something very wrong with that liquid.
You feel weakened.
You feel dopey.
You feel clumsy.
It was a potion of mutation.
You feel extremely strange.
You feel a strange attunement to the structure of the dungeons.
Your regeneration stops near monsters.
You feel better.
You feel less invigorated. You block the two-headed ogre's attack.
The two-headed ogre closely misses you.
You see here a potion of heal wounds.
You hit the two-headed ogre. You kick the two-headed ogre.
The two-headed ogre is lightly wounded.
You block the two-headed ogre's attack. x2
You hit the two-headed ogre.
You kick the two-headed ogre, but do no damage.
The two-headed ogre is lightly wounded.
The two-headed ogre barely misses you.
The two-headed ogre hits you with a +0 giant spiked club.
You barely miss the two-headed ogre.
You kick the two-headed ogre, but do no damage.
The two-headed ogre is lightly wounded.
You hit the two-headed ogre but do no damage.
You kick the two-headed ogre.
The two-headed ogre is lightly wounded.
The two-headed ogre hits you with a +0 giant club!
The two-headed ogre barely misses you.
You barely miss the two-headed ogre. You kick the two-headed ogre.
The two-headed ogre is moderately wounded.
The two-headed ogre hits you with a +0 giant club!!
The two-headed ogre completely misses you.
You barely miss the two-headed ogre. You kick the two-headed ogre.
The two-headed ogre is moderately wounded.
The two-headed ogre hits you with a +0 giant club!
The two-headed ogre hits you with a +0 giant spiked club!!
* * * LOW HITPOINT WARNING * * *
You hit the two-headed ogre. Your kick misses the two-headed ogre.
The two-headed ogre is moderately wounded.
You block the two-headed ogre's attack. x2
You barely miss the two-headed ogre. You kick the two-headed ogre.
The two-headed ogre is moderately wounded.
The two-headed ogre hits you with a +0 giant club!
You die...

, , , ***## ,
..,, , , , * #.
* * #.* , , * *
###. * # #.... #
#.#.#.###.#### *
##.#...@.......
##......O##.....
* ,
................
#..............
####....##.....
* #.#.###.#### ,
,, #...<...# ,
###.#####* ,
#.......# *


You could see a two-headed ogre.

Vanquished Creatures
  Pikel (D:5)
  Sigmund (D:2)
  Menkaure (D:5)
  Edmund (D:4)
  An ice beast (D:6)
  2 ogres
  A phantom (D:6)
  An elf zombie (Ossuary)
  A wyvern zombie (D:5)
  3 scorpions
  A water moccasin skeleton (D:4)
  3 wights (D:5)
  A bullfrog zombie (D:6)
  A hound (D:5)
  A centaur zombie (Ossuary)
  An orc priest (D:4)
  Crazy Yiuf (D:5)
  A bullfrog skeleton (D:6)
  2 human zombies (Ossuary)
  Jessica (D:2)
  2 iguanas (D:6)
  Natasha (thrice) (D:2)
  2 orc wizards
  2 mummies (Ossuary)
  Robin (D:2)
  8 gnolls
  8 adders
  An adder zombie (D:5)
  A worm (D:2)
  2 dart slugs
  15 orcs
  7 ball pythons
  9 endoplasms
  3 giant cockroaches
  16 goblins
  13 hobgoblins
  6 jackals
  7 kobolds
  2 quokkas
  12 bats
  4 frilled lizards
  2 goblin zombies (Ossuary)
  6 hobgoblin zombies (Ossuary)
  2 orc zombies (Ossuary)
  4 rats
164 creatures vanquished.

Vanquished Creatures (others)
  A fungus (D:2)
  2 plants (D:4)
3 creatures vanquished.

Grand Total: 167 creatures vanquished

Notes
Turn   | Place    | Note
-------+----------+-------------------------------------------
     0 | D:1      | Sin92 the Demonspawn Fighter began the quest for the Orb.
     0 | D:1      | Reached XP level 1. HP: 18/18 MP: 1/1
   165 | D:1      | Reached skill level 2 in Axes
   193 | D:1      | Gained mutation: A meltable shield of frost defends you.
                  | (SH +4) [demonic ancestry]
   193 | D:1      | Reached XP level 2. HP: 22/24 MP: 2/2
   495 | D:1      | Gained mutation: A meltable icy envelope protects you from
                  | harm. (AC +4) [demonic ancestry]
   495 | D:1      | Reached XP level 3. HP: 29/29 MP: 3/3
   939 | D:2      | Found Wuin's Jewellery Emporium.
   948 | D:2      | Gained mutation: You regenerate magic rapidly. [demonic
                  | ancestry]
   948 | D:2      | Reached XP level 4. HP: 24/35 MP: 4/4
  1134 | D:2      | Noticed Robin
  1148 | D:2      | Noticed Sigmund
  1151 | D:2      | Reached skill level 3 in Axes
  1158 | D:2      | Killed Sigmund
  1159 | D:2      | Reached XP level 5. HP: 19/42 MP: 5/5
  1166 | D:2      | Killed Robin
  1372 | D:2      | Found Ifew Mid's Magic Scroll Shop.
  1383 | D:2      | Found Qaicise's Weapon Emporium.
  1385 | D:2      | Found Cuedghua's Antique Weapon Shop.
  1397 | D:2      | Reached XP level 6. HP: 48/48 MP: 6/6
  1462 | D:2      | Found Guah Mun's Distillery.
  1465 | D:2      | Noticed Jessica
  1471 | D:2      | Killed Jessica
  1780 | D:2      | Found a faded altar of an unknown god.
  1898 | D:2      | Reached skill level 4 in Axes
  2179 | D:3      | Noticed Natasha
  2194 | D:2      | Killed Natasha
  2228 | D:2      | Noticed Natasha
  2233 | D:2      | Killed Natasha
  2332 | D:2      | Noticed Natasha
  2348 | D:2      | Killed Natasha
  3425 | D:4      | Found Refulisyne's Jewellery Emporium.
  3464 | D:4      | Gained mutation: You have large cloven feet. [demonic
                  | ancestry]
  3464 | D:4      | Reached XP level 7. HP: 21/55 MP: 4/7
  3870 | D:4      | Noticed Edmund
  3881 | D:4      | Killed Edmund
  3884 | D:4      | Reached skill level 1 in Dodging
  3886 | D:4      | Reached skill level 1 in Maces & Flails
  3972 | D:4      | Reached skill level 5 in Axes
  4238 | D:4      | Found Bac Fay's Assorted Antiques.
  4455 | D:5      | Entered Level 5 of the Dungeon
  4503 | D:5      | Found a sand-covered staircase.
  4511 | Ossuary  | Entered an ossuary
  4540 | Ossuary  | Gained mutation: You have hoof-like feet. [demonic
                  | ancestry]
  4540 | Ossuary  | Reached XP level 8. HP: 53/61 MP: 8/8
  4789 | D:2      | Bought a translucent flail for 212 gold pieces
  4789 | D:2      | Identified the +2 flail "Astres Qoxe" {vorpal, Will+ Dex-5
                  | SInv} (You bought it in a shop on level 2 of the Dungeon)
  4843 | D:5      | Reached skill level 5 in Fighting
  4883 | D:5      | Noticed Menkaure
  4894 | D:5      | Killed Menkaure
  5270 | D:5      | Found a sacrificial altar of Ru.
  5287 | D:5      | Noticed Pikel
  5321 | D:5      | Killed Pikel
  5322 | D:5      | Reached skill level 6 in Axes
  5322 | D:5      | Reached skill level 5 in Armour
  5322 | D:5      | Reached skill level 5 in Shields
  5559 | D:5      | Identified the +0 robe "Nuicy" {rF- Str-3 Dex+4}
  5671 | D:5      | Found a runed translucent door.
  5672 | D:5      | Noticed Crazy Yiuf
  5808 | D:5      | Killed Crazy Yiuf
  6037 | D:6      | Gained mutation: When hurt, damage is shared between your
                  | health and your magic reserves. [demonic ancestry]
  6037 | D:6      | Reached XP level 9. HP: 68/68 MP: 9/9
  6061 | D:6      | Found a runed translucent gate.
  6062 | D:6      | Found a runed translucent gate.
  6105 | D:6      | Found a runed translucent gate.
  6107 | D:6      | Found an opulent altar of Gozag.
  6107 | D:6      | Noticed RevDB's ghost (novice DrTm)
  6259 | D:6      | Found Ereg's Distillery.
  6705 | D:6      | Found a stormy altar of Qazlal.
  6960 | D:7      | Noticed a two-headed ogre
  6970 | D:7      | Gained mutation: You passively map a small area around you.
                  | [potion of mutation]
  6970 | D:7      | Gained mutation: You do not regenerate when monsters are
                  | visible. [potion of mutation]
  6981 | D:7      | Mangled by a two-headed ogre

Illustrated notes

Levels and vault maps discovered:
D:1:      psy_arrival_basics, layout_basic
D:2:      minmay_angry_zag, layout_basic, shapermc_ecumenical_altar_acropolis,
          serial_shops, shop_statue, nicolae_diamond_shop, shop_statue, shop,
          nicolae_shop_advertising_works [nicolae_subvault_shop_adworks],
          amethyst_killhole, grunt_ministairs_6, uniq_robin, uniq_jessica,
          uniq_sigmund
D:3:      layout_basic, uniq_natasha
D:4:      layout_gridville, serial_shops, shop, nicolae_shop_overgrown_old_shop,
          minmay_diced_spiral, uniq_edmund
D:5:      layout_basic, nicolae_overflow_crystal_walls,
          nicolae_ossuary_entry_plus, uniq_menkaure, uniq_pikel,
          uniq_crazy_yiuf_cottage
D:6:      layout_basic, mainiacjoe_overflow_24_doors, serial_shops,
          nicolae_lakefront_shop, ebering_ghost_gozag, solitary_fountain
D:7:      layout_loops_cross, minmay_temple_entry_slanted

Skill      XL: |  1  2  3  4  5  6  7  8  9 |
---------------+----------------------------+-----
Axes           | 2 3 4 5 6 |  6.6
Shields        | 3 4 5 |  5.3
Armour         | 3 4 5 |  5.3
Fighting       | 4 5 |  5.8
Dodging        | 1 2 3 |  3.1
Maces & Flails | 1 2 3 |  3.2

Action                   |  1- 3 |  4- 6 |  7- 9 || total
-------------------------+-------+-------+-------++-------
Melee: War axe           |   100 |   188 |   183 ||   471
       Kick              |       |       |    68 ||    68
  Use: Potion            |       |     1 |     9 ||    10
       Scroll            |       |     5 |     5 ||    10
Armor: Scale mail        |    61 |   128 |    68 ||   257
Dodge: Dodged            |    73 |    83 |    62 ||   218
Block: Buckler           |    70 |    99 |    88 ||   257
